Cogmind - Beta 14 @@@ ROGUE MODE // 2024.08.25 @ 05:10:01 // Winter2019/RPGLIKE Player: Toaster Result: Destroyed by G-67 Veteran with Plasma Rifle Performance ------------- Evolutions (7) 3500 Regions Visited (20) 4000 Robots Destroyed (215) 1075 Value Destroyed (9911) 9911 Prototype IDs (6) 120 Alien Tech Used (0) 0 Bonus (5201) 5201 TOTAL SCORE: 23807 Bonus ------- Pacifist 200 High Alert Combat Kills 2482 Follower Combat Kills 97 Entered Garrisons 200 Acquired ECA 300 Met Warlord at Base 500 MAIN.C Attacked Warlord 500 Warlord Defense Kills 922 Cogmind --------- Core Integrity 0/2850 Matter 281/300 Energy 156/410 System Corruption 9% Temperature Cool (12) Movement Hovering (115) Ox1 Location -3/Armory Parts ------- > --- POWER (2) -------- Light Antimatter Reactor (fused) Particle Reactor > --- PROPULSION (4) --- Combat Gravmag System Improved Antigrav System Improved Antigrav System Improved Antigrav System > --- UTILITY (6) ------ Triangulator Improved Actuator Array Improved Transmission Jammer Advanced Reaction Control System Graphene Brace Advanced Force Field > --- WEAPON (6) ------- Heavy Hammer Makeshift Hammer Power Maul Power Maul Enhanced Force Lance Enhanced Force Lance > --- INVENTORY (2) ---- (None) Peak State ------------ > --- POWER ------------ Light Antimatter Reactor Particle Reactor > --- PROPULSION ------- Impulse Thruster Array Impulse Thruster Array > --- UTILITY ---------- Triangulator Improved Actuator Array Improved Transmission Jammer Advanced Reaction Control System Graphene Brace Advanced Force Field > --- WEAPON ----------- Heavy Hammer Makeshift Hammer Power Maul Power Maul Enhanced Force Lance Enhanced Force Lance > --- INVENTORY -------- Improved Antigrav System Improved Antigrav System [Rating: 116] Favorites ----------- Power Fission Core Engine Light Angular Momentum Engine Power Core Fission Core Reactor Light Antimatter Reactor Propulsion Improved Antigrav System Leg Carbon-fiber Leg Hover Unit Improved Antigrav System Flight Unit VTOL Module Utility Improved Actuator Array Device Improved Actuator Array Processor Melee Analysis Suite Protection Backup Plating I Weapon Power Maul Energy Gun Medium Laser Ballistic Gun Makeshift Shrapnel Gun Ballistic Cannon Improved Light Cannon Launcher Vortex Catalyst Activator Impact Weapon Power Maul Slashing Weapon Greatsword Piercing Weapon Enhanced Force Lance Build | -11 -10 -10 -9 -9 -8 -8 -7 -7 -7 -6 -5 -5 -5 -5 -4 -4 -4 -4 -3 -3 ------- Run | Yrd Mat Min Mat Min Mat Gar Fac Low Low Fac Fac Upp Upp War Pro Fac Upp Upp Res Arm Slots Evolved 14 | . . 1 3 . 3 . 2 . . 2 . 1 . 1 . 1 . . . . Power 1 | . . . . . . . . . . 1 . . . . . . . . . . Propulsion 3 | . . . 1 . . . 1 . . . . . . . . 1 . . . . Utility 5 | . . 1 . . 1 . 1 . . 1 . . . 1 . . . . . . Weapon 5 | . . . 2 . 2 . . . . . . 1 . . . . . . . . Parts Attached 133 | 2 3 4 9 1 6 1 12 . 2 7 9 4 . 10 . 21 . 1 21 20 Power 21 | 1 . 1 1 . 2 1 1 . . 3 2 . . . . 3 . . 3 3 Engine 5 | 1 . 1 1 . 1 . . . . 1 . . . . . . . . . . Core 9 | . . . . . 1 1 1 . . 2 2 . . . . 1 . . 1 . Reactor 7 | . . . . . . . . . . . . . . . . 2 . . 2 3 Propulsion 41 | . . 1 2 . . . 3 . 2 2 4 1 . 2 . 5 . . 11 8 Treads . | . . . . . . . . . . . . . . . . . . . . . Leg 1 | . . 1 . . . . . . . . . . . . . . . . . . Wheel . | . . . . . . . . . . . . . . . . . . . . . Hover 26 | . . . . . . . . . . . 4 1 . 2 . 5 . . 8 6 Flight 14 | . . . 2 . . . 3 . 2 2 . . . . . . . . 3 2 Utility 42 | . 2 1 2 1 2 . 6 . . 1 2 1 . 3 . 8 . 1 7 5 Device 33 | . 1 . 2 . 1 . 5 . . 1 2 1 . 3 . 7 . . 6 4 Storage . | . . . . . . . . . . . . . . . . . . . . . Processor 5 | . . 1 . 1 1 . 1 . . . . . . . . . . . 1 . Hackware . | . . . . . . . . . . . . . . . . . . . . . Protection 4 | . 1 . . . . . . . . . . . . . . 1 . 1 . 1 Artifact . | . . . . . . . . . . . . . . . . . . . . . Weapon 29 | 1 1 1 4 . 2 . 2 . . 1 1 2 . 5 . 5 . . . 4 Energy Gun 4 | 1 1 . . . . . . . . . . . . 2 . . . . . . Energy Cannon . | . . . . . . . . . . . . . . . . . . . . . Ballistic Gun 1 | . . 1 . . . . . . . . . . . . . . . . . . Ballistic Cannon 1 | . . . 1 . . . . . . . . . . . . . . . . . Launcher 1 | . . . . . . . . . . . . . . 1 . . . . . . Special Weapon . | . . . . . . . . . . . . . . . . . . . . . Impact Weapon 15 | . . . 3 . 1 . 1 . . 1 . 2 . 2 . 2 . . . 3 Slashing Weapon 4 | . . . . . 1 . 1 . . . 1 . . . . 1 . . . . Piercing Weapon 3 | . . . . . . . . . . . . . . . . 2 . . . 1 Special Melee Weapon . | . . . . . . . . . . . . . . . . . . . . . Unidentified Prototypes 6 | . . . . . 1 . . . . 1 . . . 3 . . . . 1 . Parts Lost 8 | . . . . . . . 1 . . . . . . . . 2 . . 5 . Power 3 | . . . . . . . . . . . . . . . . 2 . . 1 . Propulsion 1 | . . . . . . . 1 . . . . . . . . . . . . . Utility 4 | . . . . . . . . . . . . . . . . . . . 4 . Weapon . | . . . . . . . . . . . . . . . . . . . . . Highest Loss Streak 2 | . . . . . . . 1 . . . . . . . . 2 . . 2 . To Critical Strikes . | . . . . . . . . . . . . . . . . . . . . . Average Slot Usage (%) 94 | . 58 75 94 97 99 100 97 84 90 92 92 92 93 92 94 94 100 100 98 98 Engine 2 | . 25 24 17 12 4 . . . . . . . . . . . . . . . Core 7 | . . . . . 5 9 7 7 7 12 13 12 12 11 11 10 5 5 3 . Reactor 2 | . . . . . . . . . . . . . . . . . 5 5 6 10 Hover 13 | . . . . . . . . . . . 13 18 18 17 17 17 22 22 21 21 Flight 5 | . . . 12 25 20 18 20 15 21 19 6 . . . . . . . . . Device 26 | . 11 24 15 12 16 18 21 15 15 19 28 31 31 31 35 33 27 22 26 31 Processor 4 | . . 2 14 9 9 9 8 15 15 13 4 . . . . . . . 2 . Impact Weapon 22 | . . . 12 37 35 36 34 23 23 20 20 23 25 24 23 22 22 22 22 21 Slashing Weapon 3 | . . . . . 5 9 3 7 7 6 5 6 6 5 5 3 . . . . Piercing Weapon 3 | . . . . . . . . . . . . . . . . 3 11 11 11 10 Peak Build Rating 116 | 2 3 14 17 14 22 22 36 36 40 54 65 68 68 80 74 93 88 91 111 116 Average Rating 66 | 1 2 6 13 13 18 22 30 36 37 49 61 67 68 68 74 78 88 90 101 107 On Entrance 46 | . 2 2 14 13 14 22 22 36 36 40 54 65 68 68 74 74 88 88 91 107 Naked Turns . | . . . . . . . . . . . . . . . . . . . . . Heaviest Build 88 | 7 8 13 19 17 20 20 26 22 22 36 56 59 59 70 61 70 59 64 73 88 Greatest Support 75 | 8 8 25 25 18 24 24 29 28 34 39 58 61 61 66 66 74 62 73 75 75 Greatest Overweight (x) 3 | . . . 1 . . . 1 . . 1 1 1 . 1 . 1 . . 2 3 Average Overweight (x) . | . . . . . . . . . . . . . . . . . . . . . Largest Inventory Capacity 2 | 1 1 1 1 1 1 1 1 1 1 1 1 1 1 1 1 1 1 1 2 2 Average Capacity 1 | . 1 1 1 1 1 1 1 1 1 1 1 1 1 1 1 1 1 1 1 2 Most Carried 2 | 1 1 1 1 1 1 1 1 1 1 1 1 1 1 1 . 1 1 1 2 2 Average Carried . | . . . . 1 . . . 1 1 . . . 1 . . . . 1 . . Final Capacity 2 | 1 1 1 1 1 1 1 1 1 1 1 1 1 1 1 1 1 1 1 2 2 Final Carried 2 | . . . 1 1 . 1 1 1 1 1 1 1 1 . . . 1 1 2 . Class Distribution -------------------- 34% | Gladiator 32% | Scavenger-Gladiator 26% | Sprinter 6% | Mutant Dominant Class ---------------- Mutant | -10/Materials Mutant | -10/Mines Mutant | -9/Materials Sprinter | -9/Mines Sprinter | -8/Materials Sprinter | -8/Garrison Sprinter | -7/Factory Sprinter | -7/Lower Caves Sprinter | -7/Lower Caves Sprinter | -6/Factory Sprinter | -5/Factory Gladiator | -5/Upper Caves Gladiator | -5/Upper Caves Gladiator | -5/Warlord Gladiator | -4/Proximity Caves Gladiator | -4/Factory Scavenger-Gladiator | -4/Upper Caves Scavenger-Gladiator | -4/Upper Caves Scavenger-Gladiator | -3/Research Scavenger-Gladiator | -3/Armory Resources | -11 -10 -10 -9 -9 -8 -8 -7 -7 -7 -6 -5 -5 -5 -5 -4 -4 -4 -4 -3 -3 ----------- Run | Yrd Mat Min Mat Min Mat Gar Fac Low Low Fac Fac Upp Upp War Pro Fac Upp Upp Res Arm Matter Collected 1725 | 220 . 85 139 10 60 . 100 30 37 60 100 40 . 100 . 250 21 19 245 209 Remotely . | . . . . . . . . . . . . . . . . . . . . . Salvage Created 8887 | . . . 343 . 175 . 323 . 56 216 959 97 337 245 234 1313 459 434 2703 993 Parts 408 | . . . 13 5 13 . 6 . 5 8 46 8 14 8 12 56 15 7 157 35 Haulers Intercepted 3 | . . . 1 . 1 . . . . . . . . . . . . . 1 . Recyclers Shooed 1 | . . . 1 . . . . . . . . . . . . . . . . . Parts Field Recycled . | . . . . . . . . . . . . . . . . . . . . . Retrieved Matter . | . . . . . . . . . . . . . . . . . . . . . Parts Self-Destructed 54 | . . . . . . . . . 4 . . 5 15 . 10 . 13 7 . . Prevented 11 | . . . . . . . . . 1 . . 3 1 . 4 . 2 . . . Kills | -11 -10 -10 -9 -9 -8 -8 -7 -7 -7 -6 -5 -5 -5 -5 -4 -4 -4 -4 -3 -3 ------- Run | Yrd Mat Min Mat Min Mat Gar Fac Low Low Fac Fac Upp Upp War Pro Fac Upp Upp Res Arm Combat Hostiles Destroyed 175 | . . . 8 2 6 . 4 . 3 5 12 7 8 8 9 29 11 4 47 12 Melee 137 | . . . 3 1 3 . 4 . 3 5 9 5 7 6 6 23 8 3 40 11 Cannons 1 | . . . 1 . . . . . . . . . . . . . . . . . AOE 1 | . . . . . . . . . . . . . . . . 1 . . . . Classes Destroyed 21 | . . . 7 . 2 . 1 . . 1 1 . . 2 1 2 . . 2 2 Worker 9 | . . . 1 . . . . . . . 5 . . . . . . . 3 . Builder 2 | . . . . . . . . . . . 2 . . . . . . . . . Tunneler 1 | . . . . . . . . . . . . . . . . 1 . . . . Hauler 3 | . . . 1 . 1 . . . . . . . . . . . . . 1 . Recycler 5 | . . . 1 . . . 1 . . . 2 . . . . . . . 1 . Mechanic 2 | . . . . . . . . . . . . . . . . 1 . . 1 . Operator 2 | . . . . . 1 . 1 . . . . . . . . . . . . . Drone 2 | . . . . . . . . . . . . . . . 2 . . . . . Watcher 16 | . . . 2 . 2 . 1 . . 1 1 . . . . 3 . . 5 1 Swarmer 52 | . . . 4 . . . . . 1 . 3 5 5 . 5 12 5 . 12 . Cutter 3 | . . . . . . . . . . . . . . . . . . . 3 . Saboteur 3 | . . . . . . . . . . . . . . . . . . . . 3 Grunt 46 | . . . 2 2 2 . 2 . 1 2 1 . 1 2 2 7 4 4 13 1 Brawler 2 | . . . . . . . . . . . . . . 1 . . . . 1 . Duelist 5 | . . . . . . . . . . 1 . . . 1 . 1 1 . 1 . Protector 3 | . . . . . . . . . . . . . . 2 . . . . 1 . Sentry 21 | . . . 2 . 2 . 1 . 1 2 5 1 . . . 1 1 . 1 4 Specialist 2 | . . . . . . . . . . . . . . . . . . . . 2 Hunter 13 | . . . . . 2 . . . . . 3 1 1 . . 2 . . 4 . Programmer 22 | . . . . . . . 1 . . . . . 1 2 . 6 . . 10 2 Heavy 1 | . . . . . . . . . . . . . . . . . . . 1 . Best Kill Streak 9 | . . . 5 2 5 . 4 . 3 2 6 5 4 5 4 7 6 4 9 4 Combat Bots Only 8 | . . . 4 2 3 . 2 . 3 2 4 5 4 5 4 7 5 4 8 3 Max Kills in Single Turn 2 | . . . 1 1 1 . 1 . 1 1 1 2 2 2 1 2 2 1 2 2 Gunslinging . | . . . . . . . . . . . . . . . . . . . . . Exploded 1 | . . . . . . . . . . . . . . . . 1 . . . . Melee 2 | . . . 1 1 1 . 1 . 1 1 1 2 2 2 1 1 2 1 2 2 Uniques/NPCs Destroyed . | . . . . . . . . . . . . . . . . . . . . . Combat | -11 -10 -10 -9 -9 -8 -8 -7 -7 -7 -6 -5 -5 -5 -5 -4 -4 -4 -4 -3 -3 -------- Run | Yrd Mat Min Mat Min Mat Gar Fac Low Low Fac Fac Upp Upp War Pro Fac Upp Upp Res Arm Hostile Shots Fired 1282 | . 15 6 40 5 59 . 49 . 36 79 49 42 56 18 109 182 35 16 343 143 Missed 531 | . 5 1 13 2 19 . 15 . 14 41 14 15 25 6 51 75 16 9 169 41 Damage Taken 10906 | . 127 171 339 48 604 . 235 . 205 305 518 353 390 183 783 1647 338 131 3468 1061 Core 8751 | . 111 148 284 41 520 . 192 . 165 247 416 283 317 149 635 1331 255 97 2713 847 Absorbed by Shields 1785 | . . . . . . . 100 . . 118 189 133 143 69 284 305 . . . 444 Redirected to Core 6869 | . 41 78 193 23 299 . 118 . 131 181 348 234 248 111 505 1102 215 58 2280 704 Redirected to Shielding 3 | . 3 . . . . . . . . . . . . . . . . . . . Ignored by Resistances 941 | . . . . . . . . . . . . . . 17 81 109 26 18 348 342 Regen/Repaired (Parts) 62 | . . . . . . . . . . 12 45 . . 5 . . . . . . Core Remaining (%) 85 | 100 . 100 . 100 . 100 . . 94 100 . . . . 41 . . 51 . . Volleys Fired 14 | . . 5 9 . . . . . . . . . . . . . . . . . Largest 1 | . . 1 1 . . . . . . . . . . . . . . . . . Hottest 39 | . . 24 39 . . . . . . . . . . . . . . . . . Shots Fired 14 | . . 5 9 . . . . . . . . . . . . . . . . . Gun 8 | . . 5 3 . . . . . . . . . . . . . . . . . Cannon 6 | . . . 6 . . . . . . . . . . . . . . . . . Launcher . | . . . . . . . . . . . . . . . . . . . . . Special . | . . . . . . . . . . . . . . . . . . . . . Kinetic 14 | . . 5 9 . . . . . . . . . . . . . . . . . Thermal . | . . . . . . . . . . . . . . . . . . . . . Explosive . | . . . . . . . . . . . . . . . . . . . . . Electromagnetic . | . . . . . . . . . . . . . . . . . . . . . Robot Hit Streak 5 | . . 5 2 . . . . . . . . . . . . . . . . . Robot Miss Streak 3 | . . 2 3 . . . . . . . . . . . . . . . . . Penetration Max . | . . . . . . . . . . . . . . . . . . . . . Secondary Targets . | . . . . . . . . . . . . . . . . . . . . . Shots Hit Robots 592 | . . 5 28 4 43 . 20 . 5 26 47 18 19 20 18 96 24 14 156 49 Core Hits 185 | . . 2 6 1 8 . 5 . 3 6 17 3 6 6 5 31 6 5 57 18 Critical Kills 6 | . . . 1 . . . 1 . . 1 1 . . 1 . 1 . . . . Critical Parts Destroyed 54 | . . . 3 1 5 . 1 . . 3 3 3 1 1 1 13 3 2 11 3 Critical Strikes 113 | . . . 5 1 6 . 2 . . 7 9 7 3 4 1 19 6 3 31 9 Smash 62 | . . . 5 1 6 . 2 . . 4 4 3 1 2 1 14 3 2 11 3 Sever 21 | . . . . . . . . . . 3 5 4 2 2 . 5 . . . . Impale 30 | . . . . . . . . . . . . . . . . . 3 1 20 6 Melee Attacks 776 | . . . 31 5 50 . 23 . 9 29 63 23 22 24 33 134 34 18 213 65 Thermal 2 | . . . . . . . . . . . . . . . . 2 . . . . Impact 412 | . . . 31 5 35 . 18 . 3 11 29 13 13 15 18 73 16 8 96 28 Slashing 157 | . . . . . 15 . 5 . 6 18 34 10 9 9 15 36 . . . . Piercing 205 | . . . . . . . . . . . . . . . . 23 18 10 117 37 Sneak Attacks 36 | . . . 2 . 1 . 3 . . . 11 . . . 1 3 6 . 7 2 Combat Hostiles 8 | . . . . . . . 2 . . . . . . . 1 1 2 . . 2 Follow-up Attacks 267 | . . . 3 1 14 . 7 . . 8 15 10 11 11 13 48 12 7 79 28 Damage Inflicted 28783 | . . 119 974 143 1265 . 939 . 271 1285 2795 817 938 909 922 4804 1494 613 8180 2315 Guns 140 | . . 119 21 . . . . . . . . . . . . . . . . . Cannons 59 | . . . 59 . . . . . . . . . . . . . . . . . Explosions 235 | . . . . . . . . . . . . . . . . 235 . . . . Melee 28349 | . . . 894 143 1265 . 939 . 271 1285 2795 817 938 909 922 4569 1494 613 8180 2315 Ramming . | . . . . . . . . . . . . . . . . . . . . . Kinetic 199 | . . 119 80 . . . . . . . . . . . . . . . . . Thermal 235 | . . . . . . . . . . . . . . . . 235 . . . . Explosive . | . . . . . . . . . . . . . . . . . . . . . Electromagnetic . | . . . . . . . . . . . . . . . . . . . . . Impact 11100 | . . . 894 143 880 . 775 . . 294 553 346 523 454 316 1718 437 231 2792 744 Slashing 7682 | . . . . . 385 . 164 . 271 991 2242 471 415 455 606 1682 . . . . Piercing 9567 | . . . . . . . . . . . . . . . . 1169 1057 382 5388 1571 Highest Corruption 9 | . . . . . . . 2 2 2 . . . . 1 1 6 6 6 7 9 Average Corruption 3 | . . . . . . . 1 2 2 . . . . 1 1 4 6 6 2 8 Corruption Purged . | . . . . . . . . . . . . . . . . . . . . . Corruption Blocked . | . . . . . . . . . . . . . . . . . . . . . Effects 84 | . . . . . . . 1 4 6 . . . . . 1 18 10 9 14 21 Message Errors 25 | . . . . . . . . 1 3 . . . . . . 4 2 4 3 8 Matter Fused 20 | . . . . . . . . 1 1 . . . . . . 5 3 1 6 3 Heat Flow Errors 9 | . . . . . . . . . 2 . . . . . . 1 1 2 1 2 Energy Discharges 7 | . . . . . . . . . . . . . . . . 1 2 1 1 2 Parts Rejected 3 | . . . . . . . . . . . . . . . . 1 . . 1 1 Parts Fused 1 | . . . . . . . . . . . . . . . . . . . . 1 Data Loss (minor) 10 | . . . . . . . . . . . . . . . 1 5 1 . 1 2 Data Loss (major) 6 | . . . . . . . . 2 . . . . . . . . 1 1 1 1 Alerts 3 | . . . . . . . 1 . . . . . . . . 1 . . . 1 Overload Shots . | . . . . . . . . . . . . . . . . . . . . . Overflow Damage 5580 | . . . 361 35 195 . 230 . 31 256 595 242 87 161 154 786 458 127 1668 194 Projectiles . | . . . . . . . . . . . . . . . . . . . . . Explosions . | . . . . . . . . . . . . . . . . . . . . . Melee 5580 | . . . 361 35 195 . 230 . 31 256 595 242 87 161 154 786 458 127 1668 194 Knockbacks 64 | . . . 1 2 2 . 2 . . . 1 1 3 3 3 19 3 3 17 4 Impact 62 | . . . 1 2 2 . 2 . . . 1 1 3 3 3 18 3 2 17 4 Kinetic . | . . . . . . . . . . . . . . . . . . . . . Secondary 2 | . . . . . . . . . . . . . . . . 1 . 1 . . Self-Inflicted Damage 154 | . . . . . . . . . . . . . . . . 154 . . . . Shots 2 | . . . . . . . . . . . . . . . . 2 . . . . Rammed . | . . . . . . . . . . . . . . . . . . . . . Targets Rammed . | . . . . . . . . . . . . . . . . . . . . . Kicked . | . . . . . . . . . . . . . . . . . . . . . Crushed . | . . . . . . . . . . . . . . . . . . . . . Highest Temperature 347 | . . . 24 . 14 . 18 . 296 347 27 . . 4 251 146 264 193 108 263 Average Temperature 102 | . . . 10 . 7 . 11 . 162 178 6 . . 3 123 42 132 111 39 136 Received Heat Transfer 2098 | . 75 9 141 27 198 . 74 . 57 112 86 30 30 50 393 168 36 60 219 333 Effects 3 | . . . . . . . . . 1 2 . . . . . . . . . . Energy Bleed 1 | . . . . . . . . . 1 . . . . . . . . . . . Interference 2 | . . . . . . . . . . 2 . . . . . . . . . . Siege Activations . | . . . . . . . . . . . . . . . . . . . . . Robots Corrupted 45 | . . . 5 1 5 . 1 . . . 5 2 1 2 3 6 3 1 9 1 Combat Hostiles 36 | . . . 4 1 3 . . . . . 3 2 1 2 3 5 3 1 7 1 Parts Fried 63 | . . . 8 . 5 . 4 . . 1 3 2 2 4 . 9 3 2 18 2 Impact Corruptions 128 | . . . 14 1 10 . 9 . . 3 8 6 4 6 6 20 4 2 29 6 Robots Melted . | . . . . . . . . . . . . . . . . . . . . . Combat Hostiles . | . . . . . . . . . . . . . . . . . . . . . Parts Melted 2 | . . . . . . . . . . . . . . 2 . . . . . . Heat Transferred 100 | . . . . . . . . . . . . . . . . 100 . . . . Parts Sabotaged 8 | . . . . . . . . . . . . . . . . 3 . . . 5 Parts Stolen . | . . . . . . . . . . . . . . . . . . . . . Parts Stripped . | . . . . . . . . . . . . . . . . . . . . . Power Chain Reactions . | . . . . . . . . . . . . . . . . . . . . . Alert | -11 -10 -10 -9 -9 -8 -8 -7 -7 -7 -6 -5 -5 -5 -5 -4 -4 -4 -4 -3 -3 ------- Run | Yrd Mat Min Mat Min Mat Gar Fac Low Low Fac Fac Upp Upp War Pro Fac Upp Upp Res Arm Peak Influence 1439 | . 15 52 362 155 341 335 361 . . 199 453 . . . . 767 . . 1439 1089 Initial 689 | . . 5 20 90 60 221 175 . . 151 9 . . . . 462 . . 449 689 Average 488 | . 3 24 115 107 210 302 268 . . 109 126 . . . . 556 . . 996 861 Maximum Alert Level 4 | . . . 1 . 1 1 1 . . . 2 . . . . 3 . . 4 3 Low Security (%) 36 | 100 100 100 80 100 56 . 31 . . 100 84 . . . . . . . . . Level 1 13 | . . . 19 . 43 100 68 . . . 11 . . . . 10 . . . . Level 2 18 | . . . . . . . . . . . 3 . . . . 77 . . 20 4 Level 3 21 | . . . . . . . . . . . . . . . . 11 . . 34 95 Level 4 9 | . . . . . . . . . . . . . . . . . . . 45 . Level 5 . | . . . . . . . . . . . . . . . . . . . . . High Security . | . . . . . . . . . . . . . . . . . . . . . Max Security . | . . . . . . . . . . . . . . . . . . . . . Squads Dispatched 21 | . . . . . . . 1 . . 1 1 . . . 1 6 . . 8 3 Investigation 1 | . . . . . . . . . . 1 . . . . . . . . . . Extermination 6 | . . . . . . . 1 . . . . . . . . 2 . . 2 1 Reinforcement 4 | . . . . . . . . . . . . . . . . . . . 3 1 Assault 6 | . . . . . . . . . . . . . . . 1 1 . . 3 1 Garrison 4 | . . . . . . . . . . . 1 . . . . 3 . . . . Intercept . | . . . . . . . . . . . . . . . . . . . . . Searches Triggered 2 | . . . . . . . . . . . . . . . . 2 . . . . Construction Impeded . | . . . . . . . . . . . . . . . . . . . . . Haulers Reinforced 1 | . . . . . . . . . . . . . . . . . . . 1 . Active Scanning Responses . | . . . . . . . . . . . . . . . . . . . . . Cargo Convoy Interrupts . | . . . . . . . . . . . . . . . . . . . . . Stealth | -11 -10 -10 -9 -9 -8 -8 -7 -7 -7 -6 -5 -5 -5 -5 -4 -4 -4 -4 -3 -3 --------- Run | Yrd Mat Min Mat Min Mat Gar Fac Low Low Fac Fac Upp Upp War Pro Fac Upp Upp Res Arm Distress Signals 14 | . 1 . 2 . 2 . . . . . . . . 1 . 6 . . 2 . Communications Jammed 34 | . . . . . . . . . . . . . . . . . . . 18 16 Distress Signals 30 | . . . . . . . . . . . . . . . . . . . 14 16 Times Spotted 337 | . 3 6 24 2 12 . 10 . 3 10 19 19 20 27 28 50 8 4 71 21 Peak Tracking Total 10 | . 3 2 5 2 5 . 4 . 2 3 8 7 10 8 5 7 5 4 7 5 Tactical Retreats 42 | . 1 1 2 . 2 . 4 . . 4 3 3 3 . 6 7 . . 6 . Traps | -11 -10 -10 -9 -9 -8 -8 -7 -7 -7 -6 -5 -5 -5 -5 -4 -4 -4 -4 -3 -3 ------- Run | Yrd Mat Min Mat Min Mat Gar Fac Low Low Fac Fac Upp Upp War Pro Fac Upp Upp Res Arm Traps Triggered 2 | . . . . . . . . . . . 1 . . . . 1 . . . . Indirectly . | . . . . . . . . . . . . . . . . . . . . . Trap Hack Attempts . | . . . . . . . . . . . . . . . . . . . . . Triggered . | . . . . . . . . . . . . . . . . . . . . . Disarmed . | . . . . . . . . . . . . . . . . . . . . . Reprogrammed . | . . . . . . . . . . . . . . . . . . . . . Reused . | . . . . . . . . . . . . . . . . . . . . . Traps Extracted . | . . . . . . . . . . . . . . . . . . . . . Installed . | . . . . . . . . . . . . . . . . . . . . . Triggered 9 | . . . . . . . . . 2 . . . . 6 . . . 1 . . Machines | -11 -10 -10 -9 -9 -8 -8 -7 -7 -7 -6 -5 -5 -5 -5 -4 -4 -4 -4 -3 -3 ---------- Run | Yrd Mat Min Mat Min Mat Gar Fac Low Low Fac Fac Upp Upp War Pro Fac Upp Upp Res Arm Machines Disabled 7 | . . . . . . . . . . . . . . . . 4 1 . 1 1 Max in Single Turn 4 | . . . . . . . . . . . . . . . . 4 1 . 1 1 Machines Repaired . | . . . . . . . . . . . . . . . . . . . . . Machines Dismantled . | . . . . . . . . . . . . . . . . . . . . . Machines Sabotaged . | . . . . . . . . . . . . . . . . . . . . . Overloaded Fab Kills . | . . . . . . . . . . . . . . . . . . . . . Hacking | -11 -10 -10 -9 -9 -8 -8 -7 -7 -7 -6 -5 -5 -5 -5 -4 -4 -4 -4 -3 -3 --------- Run | Yrd Mat Min Mat Min Mat Gar Fac Low Low Fac Fac Upp Upp War Pro Fac Upp Upp Res Arm Machines Accessed 30 | . 2 . 1 . 5 1 5 . . 3 9 . . 2 . 1 . . 1 . Terminals 21 | . 2 . 1 . 3 1 5 . . 2 6 . . . . . . . 1 . Fabricators 1 | . . . . . . . . . . . . . . . . 1 . . . . Repair Stations 3 | . . . . . . . . . . 1 2 . . . . . . . . . Recycling Units 1 | . . . . . 1 . . . . . . . . . . . . . . . Scanalyzers . | . . . . . . . . . . . . . . . . . . . . . Garrison Access 2 | . . . . . 1 . . . . . 1 . . . . . . . . . Total Hacks 46 | . 3 . 1 . 7 1 6 . . 7 15 . . 3 . 1 . . 2 . Successful 25 | . . . 1 . 3 1 3 . . 3 9 . . 3 . 1 . . 1 . Failed 21 | . 3 . . . 4 . 3 . . 4 6 . . . . . . . 1 . Catastrophic 1 | . 1 . . . . . . . . . . . . . . . . . . . Database Lockouts . | . . . . . . . . . . . . . . . . . . . . . Manual 1 | . . . . . . . . . . . . . . 1 . . . . . . Terminals 32 | . 3 . 1 . 4 1 6 . . 5 10 . . . . . . . 2 . Fabricators 1 | . . . . . . . . . . . . . . . . 1 . . . . Repair Stations 6 | . . . . . . . . . . 2 4 . . . . . . . . . Recycling Units 1 | . . . . . 1 . . . . . . . . . . . . . . . Scanalyzers . | . . . . . . . . . . . . . . . . . . . . . Garrison Access 3 | . . . . . 2 . . . . . 1 . . . . . . . . . Terminal Hacks 18 | . . . 1 . 2 1 3 . . 1 6 . . 3 . . . . 1 . Record 3 | . . . . . . . . . . . 1 . . 2 . . . . . . Open Door 1 | . . . . . . . . . . . . . . 1 . . . . . . Open DSF 2 | . . . . . . . 1 . . . 1 . . . . . . . . . Branch Access Points 1 | . . . . . . . . . . . 1 . . . . . . . . . Unreport Threat 3 | . . . . . . . . . . 1 1 . . . . . . . 1 . Locate Traps 3 | . . . . . . . 2 . . . 1 . . . . . . . . . Hauler Manifests 1 | . . . 1 . . . . . . . . . . . . . . . . . Zone Layout 3 | . . . . . 2 . . . . . 1 . . . . . . . . . Patrol Navigation 1 | . . . . . . 1 . . . . . . . . . . . . . . Fabricator Hacks 1 | . . . . . . . . . . . . . . . . 1 . . . . Build 1 | . . . . . . . . . . . . . . . . 1 . . . . Repair Station Hacks 5 | . . . . . . . . . . 2 3 . . . . . . . . . Scan Component 3 | . . . . . . . . . . 1 2 . . . . . . . . . Repair 2 | . . . . . . . . . . 1 1 . . . . . . . . . Recycling Unit Hacks . | . . . . . . . . . . . . . . . . . . . . . Scanalyzer . | . . . . . . . . . . . . . . . . . . . . . Garrison Access Hacks 1 | . . . . . 1 . . . . . . . . . . . . . . . Unlock Access 1 | . . . . . 1 . . . . . . . . . . . . . . . Unauthorized Hacks . | . . . . . . . . . . . . . . . . . . . . . Terminals . | . . . . . . . . . . . . . . . . . . . . . Fabricators . | . . . . . . . . . . . . . . . . . . . . . Repair Stations . | . . . . . . . . . . . . . . . . . . . . . Recycling Units . | . . . . . . . . . . . . . . . . . . . . . Scanalyzers . | . . . . . . . . . . . . . . . . . . . . . Garrison Access . | . . . . . . . . . . . . . . . . . . . . . Data Cores Recovered 2 | . . . . . 1 . 1 . . . . . . . . . . . . . Used 1 | . . . . . . . 1 . . . . . . . . . . . . . Hacking Detections 15 | . 2 . . . 3 1 2 . . 1 4 . . . . 1 . . 1 . Full Trace Events 1 | . . . . . . . . . . 1 . . . . . . . . . . Feedback Events . | . . . . . . . . . . . . . . . . . . . . . Feedback Blocked . | . . . . . . . . . . . . . . . . . . . . . Robot Schematics Acquired . | . . . . . . . . . . . . . . . . . . . . . Robots Built . | . . . . . . . . . . . . . . . . . . . . . Authchips . | . . . . . . . . . . . . . . . . . . . . . Time . | . . . . . . . . . . . . . . . . . . . . . Total Robot Build Rating . | . . . . . . . . . . . . . . . . . . . . . Part Schematics Acquired . | . . . . . . . . . . . . . . . . . . . . . Parts Built 2 | . . . . . . . . . . . . . . . . 2 . . . . Authchips . | . . . . . . . . . . . . . . . . . . . . . Time 128 | . . . . . . . . . . . . . . . . 128 . . . . Total Part Build Rating 16 | . . . . . . . . . . . . . . . . 16 . . . . Parts Repaired 2 | . . . . . . . . . . 1 1 . . . . . . . . . Time 76 | . . . . . . . . . . 32 44 . . . . . . . . . Parts Recycled . | . . . . . . . . . . . . . . . . . . . . . Recycled Matter . | . . . . . . . . . . . . . . . . . . . . . Retrieved Matter . | . . . . . . . . . . . . . . . . . . . . . Retrieved Components . | . . . . . . . . . . . . . . . . . . . . . Parts Scanalyzed . | . . . . . . . . . . . . . . . . . . . . . Part Schematics Acquired . | . . . . . . . . . . . . . . . . . . . . . Parts Damaged . | . . . . . . . . . . . . . . . . . . . . . Bothacking | -11 -10 -10 -9 -9 -8 -8 -7 -7 -7 -6 -5 -5 -5 -5 -4 -4 -4 -4 -3 -3 ------------ Run | Yrd Mat Min Mat Min Mat Gar Fac Low Low Fac Fac Upp Upp War Pro Fac Upp Upp Res Arm Used RIF Installer . | . . . . . . . . . . . . . . . . . . . . . Robots Hacked . | . . . . . . . . . . . . . . . . . . . . . Non-combat . | . . . . . . . . . . . . . . . . . . . . . Combat . | . . . . . . . . . . . . . . . . . . . . . Robot Hacks Applied . | . . . . . . . . . . . . . . . . . . . . . Relay Couplers Released . | . . . . . . . . . . . . . . . . . . . . . Fabnet Peak Effective % . | . . . . . . . . . . . . . . . . . . . . . Robots Rewired . | . . . . . . . . . . . . . . . . . . . . . Allies Hacked . | . . . . . . . . . . . . . . . . . . . . . Hacks Repelled . | . . . . . . . . . . . . . . . . . . . . . Allies | -11 -10 -10 -9 -9 -8 -8 -7 -7 -7 -6 -5 -5 -5 -5 -4 -4 -4 -4 -3 -3 -------- Run | Yrd Mat Min Mat Min Mat Gar Fac Low Low Fac Fac Upp Upp War Pro Fac Upp Upp Res Arm Total Allies 1 | . . 1 . . . . . . . . . . . . . . . . . . Largest Group 1 | . . 1 1 . . . . . . . . . . . . . . . . . Highest-Rated Group 31 | . . 31 31 . . . . . . . . . . . . . . . . . Highest-Rated Ally 31 | . . 31 31 . . . . . . . . . . . . . . . . . Total Orders . | . . . . . . . . . . . . . . . . . . . . . Ally Attacks 11 | . . 4 7 . . . . . . . . . . . . . . . . . Total Damage 188 | . . 63 125 . . . . . . . . . . . . . . . . . Kills 4 | . . 1 3 . . . . . . . . . . . . . . . . . Allies Corrupted . | . . . . . . . . . . . . . . . . . . . . . Allies Melted . | . . . . . . . . . . . . . . . . . . . . . Intel | -11 -10 -10 -9 -9 -8 -8 -7 -7 -7 -6 -5 -5 -5 -5 -4 -4 -4 -4 -3 -3 ------- Run | Yrd Mat Min Mat Min Mat Gar Fac Low Low Fac Fac Upp Upp War Pro Fac Upp Upp Res Arm Robot Analysis Total . | . . . . . . . . . . . . . . . . . . . . . Derelict Logs Recovered 13 | . . . . 3 . . . 1 1 . . 3 2 . . . 1 2 . . Drone Launches . | . . . . . . . . . . . . . . . . . . . . . Drone Recoveries . | . . . . . . . . . . . . . . . . . . . . . Exploration | -11 -10 -10 -9 -9 -8 -8 -7 -7 -7 -6 -5 -5 -5 -5 -4 -4 -4 -4 -3 -3 ------------- Run | Yrd Mat Min Mat Min Mat Gar Fac Low Low Fac Fac Upp Upp War Pro Fac Upp Upp Res Arm Turns Passed 8394 | 31 90 146 463 157 275 127 372 183 186 435 660 551 279 434 459 986 396 242 1205 717 Spaces Moved 12266 | 55 168 217 427 401 337 388 939 555 468 785 1184 994 513 560 672 959 525 369 1233 517 Core 434 | 55 168 208 1 . . . . . . . . . . . . . . . . 2 Treads . | . . . . . . . . . . . . . . . . . . . . . Legs 199 | . . 9 190 . . . . . . . . . . . . . . . . . Wheels . | . . . . . . . . . . . . . . . . . . . . . Hover 6961 | . . . . . . . . . . . 630 994 513 560 672 959 525 369 1225 514 Flight 4672 | . . . 236 401 337 388 939 555 468 785 554 . . . . . . . 8 1 Fastest Speed 29 | 50 50 50 32 32 32 32 29 32 29 29 29 38 48 48 58 55 62 55 53 53 Average Speed 47 | 50 50 52 72 32 32 32 30 32 29 30 31 45 48 49 58 65 62 56 55 98 Slowest Speed 205 | 50 50 120 120 32 32 32 112 32 32 114 120 116 48 122 58 121 62 62 155 205 Overloaded Moves . | . . . . . . . . . . . . . . . . . . . . . Propulsion Burnouts . | . . . . . . . . . . . . . . . . . . . . . Robots Hopped 18 | . . . . . 1 . . . . 9 8 . . . . . . . . . Cave-ins Triggered . | . . . . . . . . . . . . . . . . . . . . . Exploration Rate (%) 42 | 3 37 43 38 71 26 53 26 66 48 16 25 79 72 54 77 18 56 41 22 27 Regions Visited 20 Branch Regions 11 Pre-discovered Areas 3 | . . . . 2 . . . 1 . . . . . . . . . . . . Known Exits Taken 5 | . . . . 1 1 . . . . . 1 . 1 . . . . . 1 . Unknown Exits Taken 14 | 1 1 1 1 . . . 1 1 1 1 . 1 . 1 1 1 1 1 . . Scrap Searched 19 | . . . . 2 . . . 2 4 . . 2 4 . 2 . 1 2 . . Spaces Dug . | . . . . . . . . . . . . . . . . . . . . . Terrain Destroyed 24 | . . . . . . . . . . . . . . . . 24 . . . . Melee . | . . . . . . . . . . . . . . . . . . . . . Projectile . | . . . . . . . . . . . . . . . . . . . . . AOE 24 | . . . . . . . . . . . . . . . . 24 . . . . Terrain Rammed . | . . . . . . . . . . . . . . . . . . . . . Walls Destroyed . | . . . . . . . . . . . . . . . . . . . . . Machines Disabled . | . . . . . . . . . . . . . . . . . . . . . Actions | -11 -10 -10 -9 -9 -8 -8 -7 -7 -7 -6 -5 -5 -5 -5 -4 -4 -4 -4 -3 -3 --------- Run | Yrd Mat Min Mat Min Mat Gar Fac Low Low Fac Fac Upp Upp War Pro Fac Upp Upp Res Arm Total 13945 | 57 174 243 524 422 435 390 994 559 501 932 1374 1069 523 692 713 1208 566 387 1527 655 Wait 773 | . . 1 31 10 34 . 15 5 14 108 126 49 . 76 24 115 6 10 87 62 Move 12211 | 54 167 216 426 400 334 387 938 554 467 767 1167 993 512 559 671 958 524 368 1232 517 Hop 17 | . . . . . 1 . . . . 8 8 . . . . . . . . . Pick Up 44 | 1 . 4 4 . 1 1 3 . . 4 2 . . 3 . 4 1 . 6 10 Fast Attach 68 | 1 2 . 5 1 4 . 6 . 2 3 5 3 . 6 . 15 . 1 10 4 Attach 47 | 1 1 4 4 . 2 . 3 . . 4 3 1 . 2 . 2 . . 6 14 Detach 32 | . 2 . 5 . 1 . 1 . . 2 4 3 . 1 . 3 . . 2 8 Swap 18 | . . . . . . 1 3 . . . 1 . . 2 . 4 . . 5 2 Drop 75 | . 2 1 5 . 2 1 8 . 1 4 5 2 . 9 . 11 . 1 14 9 Fire 14 | . . 5 9 . . . . . . . . . . . . . . . . . Melee 374 | . . . 27 3 32 . 13 . 6 18 34 10 9 9 15 58 14 7 91 28 Ram . | . . . . . . . . . . . . . . . . . . . . . Kick . | . . . . . . . . . . . . . . . . . . . . . Crush . | . . . . . . . . . . . . . . . . . . . . . Escape Stasis . | . . . . . . . . . . . . . . . . . . . . . Rewire . | . . . . . . . . . . . . . . . . . . . . . Trap . | . . . . . . . . . . . . . . . . . . . . . Miscellaneous 272 | . . 12 8 8 24 . 4 . 11 14 19 8 2 25 3 38 21 . 74 1 Route ------- -11/Scrapyard -10/Materials -10/Mines -9/Materials (discovered 2 exits: [*Min x2]) -9/Mines -8/Materials -8/Garrison (discovered 2 exits: *Fac x2) -7/Factory -7/Lower Caves -7/Lower Caves -6/Factory (discovered 2 exits: *Fac / [*Low]) -5/Factory (discovered 5 exits: *Fac / *Upp x2 / Ext x2) -5/Upper Caves -5/Upper Caves (discovered 2 exits: *Fac / *War) -5/Warlord -4/Proximity Caves -4/Factory (discovered 2 exits: *Res / [*Upp]) -4/Upper Caves -4/Upper Caves -3/Research (discovered 2 exits: Res / *Arm) -3/Armory History --------- Turn | Location | Event 4 | -11/Scrapyard | Discovered new exit (range 15) 32 | -11/Scrapyard | Entered Materials 52 | -10/Materials | Discovered new exit (range 14) 122 | -10/Materials | Entered Mines 130 | -10/Mines | A weapon hastily lodged in a ceiling crevice suddenly fell to the ground 183 | -10/Mines | Assembled infested the area 195 | -10/Mines | Received a Mining Laser from a helpful Derelict 217 | -10/Mines | Discovered new exit (range 11) 221 | -10/Mines | Joined a pair of Derelicts in attacking an 0b10 outpost 245 | -10/Mines | Upgraded with Utility slot (x1) 268 | -10/Mines | Entered Materials 268 | -9/Materials | Accompanied by 1 ally 270 | -9/Materials | Reached level 2 316 | -9/Materials | Build established: Mutant 520 | -9/Materials | Upgraded with Propulsion slot (x1) 527 | -9/Materials | Discovered new exit (range 9) 552 | -9/Materials | Discovered new exit (range 12) 586 | -9/Materials | Upgraded with Weapon slot (x1) 615 | -9/Materials | Reached level 3 617 | -9/Materials | Upgraded with Weapon slot (x1) 731 | -9/Materials | Entered Mines 732 | -9/Mines | Learned Materials garrison access intel 742 | -9/Mines | Met a Derelict bent on vengeance 746 | -9/Mines | Learned location of Storage (-8) 774 | -9/Mines | Received a Rocket Launcher from a helpful Derelict 825 | -9/Mines | Learned location of Zion (-6) 868 | -9/Mines | Discovered new exit (range 11) 871 | -9/Mines | Identified exit to Materials 888 | -9/Mines | Entered Materials 889 | -8/Materials | Loaded intel: 1 garrison access location 890 | -8/Materials | Reached level 4 937 | -8/Materials | Reached level 5 987 | -8/Materials | Upgraded with Utility slot (x1) 989 | -8/Materials | Upgraded with Weapon slot (x1) 1011 | -8/Materials | Upgraded with Weapon slot (x1) 1043 | -8/Materials | Build established: Sprinter 1083 | -8/Materials | Core integrity fell below 50% 1163 | -8/Materials | Identified exit to Garrison 1163 | -8/Materials | Entered Garrison 1163 | -8/Garrison | Discovered recently destroyed garrison 1182 | -8/Garrison | Reached level 6 1220 | -8/Garrison | Discovered new exit (range 9) 1239 | -8/Garrison | Discovered new exit (range 14) 1290 | -8/Garrison | Entered Factory 1292 | -7/Factory | Reached level 7 1320 | -7/Factory | Upgraded with Utility slot (x1) 1359 | -7/Factory | Upgraded with Propulsion slot (x1) 1631 | -7/Factory | Discovered new exit (range 15) 1662 | -7/Factory | Entered Lower Caves 1675 | -7/Lower Caves | Met a Warlord Commander 1676 | -7/Lower Caves | Learned location of Warlord (-5) 1677 | -7/Lower Caves | Warlord Commander delivered Encrypted Comm Array 1797 | -7/Lower Caves | Learned Factory terminal intel 1797 | -7/Lower Caves | Discovered new exit (range 16) 1845 | -7/Lower Caves | Entered another Lower Caves area 1847 | -7/Lower Caves | Reached level 8 1871 | -7/Lower Caves | Attracted the attention of an 0b10 checkpoint 1904 | -7/Lower Caves | Learned Factory terminal intel 1926 | -7/Lower Caves | Spotted B-75 Beast 2008 | -7/Lower Caves | Discovered new exit (range 13) 2031 | -7/Lower Caves | Entered Factory 2032 | -6/Factory | Loaded intel: 26 terminal locations 2033 | -6/Factory | Reached level 9 2049 | -6/Factory | Upgraded with Power slot (x1) 2058 | -6/Factory | Upgraded with Utility slot (x1) 2094 | -6/Factory | Repaired VTOL Module 2184 | -6/Factory | Discovered new exit (range 7) 2458 | -6/Factory | Discovered new exit (range 9) 2466 | -6/Factory | Entered another Factory area 2467 | -5/Factory | Loaded intel: 28 terminal locations 2468 | -5/Factory | Reached level 10 2546 | -5/Factory | Spotted B-75 Beast 2772 | -5/Factory | Repaired Greatsword 2811 | -5/Factory | Reached level 11 2867 | -5/Factory | Discovered new exit (range 12) 2897 | -5/Factory | Identified exit to Upper Caves 2897 | -5/Factory | Identified exit to Extension 3088 | -5/Factory | Garrison activated, responded to threat 3126 | -5/Factory | Entered Upper Caves 3128 | -5/Upper Caves | Attracted the attention of an 0b10 checkpoint 3128 | -5/Upper Caves | Reached level 12 3156 | -5/Upper Caves | Learned Factory emergency access door positions 3216 | -5/Upper Caves | Build established: Gladiator 3274 | -5/Upper Caves | Upgraded with Weapon slot (x1) 3291 | -5/Upper Caves | Learned Factory terminal intel 3486 | -5/Upper Caves | Attracted the attention of an 0b10 outpost 3666 | -5/Upper Caves | Discovered new exit (range 16) 3677 | -5/Upper Caves | Entered another Upper Caves area 3678 | -5/Upper Caves | Identified exit to Warlord 3679 | -5/Upper Caves | Reached level 13 3680 | -5/Upper Caves | Discovered new exit (range 9) 3744 | -5/Upper Caves | Learned Factory security intel 3956 | -5/Upper Caves | Entered Warlord 3958 | -5/Warlord | Reached level 14 4041 | -5/Warlord | Met Warlord 4066 | -5/Warlord | Warlord's base attacked by MAIN.C 4127 | -5/Warlord | Found Prototype Energy Gun 4127 | -5/Warlord | Identified Vortex Rifle 4132 | -5/Warlord | Found Prototype Energy Gun 4132 | -5/Warlord | Identified Vortex Shotgun 4141 | -5/Warlord | Found Prototype Launcher 4141 | -5/Warlord | Identified Vortex Catalyst Activator 4287 | -5/Warlord | Warlord forces counterattacked 4354 | -5/Warlord | Reached level 15 4364 | -5/Warlord | Upgraded with Utility slot (x1) 4379 | -5/Warlord | Discovered new exit (range 12) 4381 | -5/Warlord | Lost 4 allies 4390 | -5/Warlord | Entered Proximity Caves 4392 | -4/Proximity Caves | Spotter reported a threat 4393 | -4/Proximity Caves | Spotter reported a threat 4465 | -4/Proximity Caves | Spotter reported a threat 4504 | -4/Proximity Caves | Reached level 16 4604 | -4/Proximity Caves | Spotted B-86 Titan 4661 | -4/Proximity Caves | Attracted the attention of an 0b10 outpost 4807 | -4/Proximity Caves | Core integrity fell below 50% 4846 | -4/Proximity Caves | Discovered new exit (range 5) 4849 | -4/Proximity Caves | Entered Factory 4850 | -4/Factory | Core integrity fell below 50% 4851 | -4/Factory | Reached level 17 4852 | -4/Factory | Loaded intel: 26 terminal locations 5099 | -4/Factory | Search patrols dispatched 5175 | -4/Factory | Garrison activated, responded to threat 5218 | -4/Factory | Discovered new exit (range 6) 5271 | -4/Factory | Spotted B-86 Titan 5307 | -4/Factory | Reached level 18 5349 | -4/Factory | Search patrols dispatched 5373 | -4/Factory | Discovered new exit (range 9) 5520 | -4/Factory | Reached level 19 5550 | -4/Factory | Fabricated Enh. Force Lance (x2) 5631 | -4/Factory | First assault squad dispatched 5642 | -4/Factory | Upgraded with Propulsion slot (x1) 5757 | -4/Factory | Destroyed 7 combat bots 5835 | -4/Factory | Entered Upper Caves 5835 | -4/Upper Caves | Reached level 20 5947 | -4/Upper Caves | Build established: Scavenger-Gladiator 5982 | -4/Upper Caves | Learned Research trap positions 6039 | -4/Upper Caves | Discovered new exit (range 12) 6126 | -4/Upper Caves | Attracted the attention of an 0b10 outpost 6157 | -4/Upper Caves | Reached level 21 6231 | -4/Upper Caves | Entered another Upper Caves area 6389 | -4/Upper Caves | Encountered a Warlord checkpoint 6429 | -4/Upper Caves | Learned 4 Research zone layouts 6464 | -4/Upper Caves | Discovered new exit (range 9) 6473 | -4/Upper Caves | Entered Research 6474 | -3/Research | Identified exit to Armory 6475 | -3/Research | Identified exit to Research 6475 | -3/Research | Reached level 22 6475 | -3/Research | Reached level 23 6476 | -3/Research | Loaded intel: 65 trap records 6554 | -3/Research | Core integrity fell below 50% 6723 | -3/Research | First assault squad dispatched 6823 | -3/Research | Reached level 24 6878 | -3/Research | Destroyed 8 combat bots 7075 | -3/Research | Reached level 25 7273 | -3/Research | Reached level 26 7678 | -3/Research | Entered Armory 7680 | -3/Armory | Reached level 27 7986 | -3/Armory | Core integrity fell below 20% 8178 | -3/Armory | First assault squad dispatched 8393 | -3/Armory | Reached level 28 8395 | -3/Armory | Destroyed by G-67 Veteran with Plasma Rifle Last Messages --------------- 08351_ System corrupted: Heat flow error (+227). 08366_ System corrupted: Matter fused (-10). 08376_ C-30 ARC bursts open, deploying its payload. 08376_ G-73 Enforcer unfolds itself. 08376_ G-67 Veteran unfolds itself. 08376_ L-61 Swordsman unfolds itself. 08376_ G-67 Veteran unfolds itself. 08376_ Enh. Force Lance follow-up attack on G-73 Enforcer. 08376_ Power Maul follow-up attack on G-73 Enforcer. 08376_ G-73 Enforcer knocked back. 08380_ Power Maul follow-up attack on G-67 Veteran. 08380_ G-67 Veteran knocked back. 08383_ Mak. Hammer follow-up attack on G-67 Veteran. 08386_ Acquired 99 matter. 08387_ I-47 Archangel distress signal jammed. 08393_ Reached level 28. 08393_ G-67 Veteran destroyed. 08393_ Power Maul follow-up attack on G-73 Enforcer. 08393_ Hvy. Hammer follow-up attack on G-73 Enforcer. 08393_ Power Maul follow-up attack on G-73 Enforcer. Map ----- +----------------------------------------------------+ | | | | | | | | | | | | | | | | | | | | | | | ?????????????????????????????????????????????????? | | ?????????????????????????????????????????????????? | | ?????????????????????????????????????????????????? | | ?????????????????????????????????????????????????? | | ?????????????????????????????????????????????????? | | ?????????????????????????????????????????????????? | | ?????????????????????????????????????????????????? | | ?????????????????????????????????????????????????? | | ?????????????????????????????????????????????????? | | ?????????????????????????????????????????????????? | | ?????????????????????????????????????????????????? | | ??######?????????????????????????????????????????? | | ??# ########################################### | | ??# gg | | ??# @% | | ??# ####+###############+#############+######## | | ####+### ^ ## " # l #?? | | # """" ## """ """ # #?? | | # """""" ## """ """ # """""" #?? | | # ""F "" ##! """ """ # "????" #?? | | # """ ## # "????" #?? | | # ## """ """ # "????" #?? | | # ^""""" ## """ """ i """""" #?? | | # """"" ## """ """ # #?? | | """ # """"" ## # #?? | | ??" # ## ??? ??# #?? | | ??" # ## ??? ! ??# #?? | | ??" # ! = ##! ????? ??# #?? | | ?? #################???????#??####+#########?? | | ??######?????????????????????????????# #?????????? | | ?????????????????????????????????????# #?????????? | | ?????????????????????????????????????# #?????????? | | ?????????????????????????????????????# #?????????? | | ??????????????????????????????????#### #????????## | | ??????????????????????????????????# #????????#[ | | ??????????????????????????????????# #???######! | | ??????????????????????????????????# ## ## | | ??????????????????????????????????# + "?????#! | | ???????????????????????????????####+## ## ##! | +----------------------------------------------------+ Best States ------------- Heat Dissipation 55 Energy Generation 49 Energy Capacity 525 Matter Stores 300 Matter Capacity 300 Sight Range 21 Terrain Scan Density 10 ECM Strength 1 Jamming Range 14 Additional Mass Support 9 Armor Coverage 305 Resistance: KI 20 Resistance: TH 20 Resistance: EX 10 Weapon Shielding 33 Melee Speed Boost 20 Evasion (%) 71 Targeting Accuracy 5 Melee Accuracy 11 Target Analysis 8 Item Schematics ----------------- None Robot Schematics ------------------ None Fabricated ------------ Enh. Force Lance | x2 | -4/Factory | Preloaded Alien Tech Used ----------------- None Achievements -------------- A Powerful Ally? Batter Up Charge!!! Challenges ------------ None RPGLIKE | -11 -10 -10 -9 -9 -8 -8 -7 -7 -7 -6 -5 -5 -5 -5 -4 -4 -4 -4 -3 -3 --------- Run | Yrd Mat Min Mat Min Mat Gar Fac Low Low Fac Fac Upp Upp War Pro Fac Upp Upp Res Arm Levels Raised 27 | . . . 2 . 2 1 1 . 1 1 2 1 1 2 1 3 2 . 5 2 XP Earned 43506 | 3000 . 779 2933 750 2405 670 2035 650 800 2185 3144 1300 1450 2061 1750 5551 1650 950 7897 1546 XP Spent 41825 | 350 . 2600 2600 . 3300 900 1900 . . 3120 2265 2155 100 2150 . 6620 . 1140 9105 3520 Upgrades 95 | 2 . 5 6 . 3 2 2 . . 5 4 8 1 4 . 20 . 5 22 6 Power Slot 1 | . . . . . . . . . . 1 . . . . . . . . . . Propulsion Slot 3 | . . . 1 . . . 1 . . . . . . . . 1 . . . . Utility Slot 5 | . . 1 . . 1 . 1 . . 1 . . . 1 . . . . . . Weapon Slot 5 | . . . 2 . 2 . . . . . . 1 . . . . . . . . Core Integrity 45 | . . . . . . . . . . . 1 7 . . . 18 . . 17 2 Heat Dissipation 5 | . . . . . . . . . . 2 1 . . . . . . 2 . . Energy Generation 2 | . . . 1 . . . . . . . 1 . . . . . . . . . Mass Support 5 | 1 . 1 . . . . . . . 1 1 . . . . 1 . . . . Inventory Capacity 2 | 1 . . . . . . . . . . . . . . . . . . 1 . Sight Range 5 | . . . . . . . . . . . . . 1 . . . . . 4 . Ranged Accuracy 3 | . . 3 . . . . . . . . . . . . . . . . . . Melee Accuracy 4 | . . . 2 . . 2 . . . . . . . . . . . . . . KI Resistance % 4 | . . . . . . . . . . . . . . 1 . . . 1 . 2 TH Resistance % 4 | . . . . . . . . . . . . . . 1 . . . 1 . 2 EX Resistance % 2 | . . . . . . . . . . . . . . 1 . . . 1 . . Protomatter Created 2601 | . . . 118 64 193 . 32 . 76 157 265 116 16 175 26 346 161 . 796 60 Integrity Restored 5888 | . . 259 143 182 520 . 96 . 228 280 416 141 48 560 48 858 483 . 1623 3 Core 5888 | . . 259 143 182 520 . 96 . 228 280 416 141 48 560 48 858 483 . 1623 3 Protomatter Decayed 817 | . . 68 70 3 . . . . . 63 58 69 50 207 23 49 . . 98 59 Game ------ Seed BombStasisCompactor Manual? 0 Play Time 03:58:28 Cumulative 37.8 hours Start 2024.08.23 @ 02:31:55 End 2024.08.25 @ 05:10:01 Sessions 3 Manual Loads 0 Difficulty Rogue Special Mode Winter2019/RPGLIKE Game No. 17 Rogue 13 Adventurer 4 Explorer 0 Win Type - Total 1 Types 1/0/0/0/0/0/0/0/0 Lore% 16 Gallery% 28 Achievement% 36 Wizard Run 0 Options --------- Layout 0 ASCII 0 Keyboard 0 Movement Arrows Keybinds 0 Fullscreen 2 Font 32/SmallcapsGlow Map View 88x55 Zoom Use 0% Tactical HUD 1 Map Filters NONE Filters NONE Steam 1 RUN: 69d6fca9-35fc-4047-b0df-d1e86c22bbef